 Dungeon Crawl Stone Soup version 0.17.2-1-ge4368a0 (webtiles) character file.

156 tidbits the Sneak (level 5, -11/24 HPs)
             Began as a Felid Chaos Knight on Sept 15, 2017.
             Was an Initiate of Cheibriados.
             Killed by divine providence
             ... invoked by an orc priest
              (17 damage)
             ... on level 4 of the Dungeon.
             The game lasted 00:10:51 (1143 turns).

tidbits the Sneak (Felid Chaos Knight)              Turns: 1143, Time: 00:10:52

Health: -11/24     AC:  1    Str:  9    XL:     5   Next: 14%
Magic:  6/6        EV: 18    Int: 15    God:    Cheibriados [......]
Gold:   116        SH:  0    Dex: 17    Spells: 0 memorised, 4 levels left
                                        Lives:  0   Deaths: 1

rFire  . . .     SeeInvis +       - Unarmed
rCold  + . .     Clarity  .     (armour unavailable)
rNeg   . . .     SustAt   .     (shield unavailable)
rPois  .         Gourm    .     (helmet unavailable)
rElec  .         Spirit   .     (cloak unavailable)
rCorr  .         Warding  .     (gloves unavailable)
rMut   .         Stasis   .     (boots unavailable)
MR     .....                    (no amulet)
Stlth  ++........               k - ring of flight
                                g - ring of protection from cold

@: confused, slow, not resistant to hostile enchantments, unstealthy
A: no armour, no weapons or thrown items, claws 1, fangs 3, see invisible,
carnivore 3, speed 1, shaggy fur 1, slow metabolism 1, sharp paws
a: Bend Time, Renounce Religion, Evoke Flight


You were on level 4 of the Dungeon.
You worshipped Cheibriados.
Cheibriados was noncommittal.
You were very full.

You visited 1 branch of the dungeon, and saw 5 of its levels.

You collected 116 gold pieces.

Inventory:

Missiles
 c - 44 stones
 f - 17 arrows
Jewellery
 g - a ring of protection from cold (left paw)
   (You found it on level 1 of the Dungeon)
 k - a ring of flight (right paw)
   (You found it on level 5 of the Dungeon)
Wands
 j - a wand of disintegration (0)
   (You found it on level 4 of the Dungeon)
Scrolls
 b - 2 scrolls of recharging
 d - a scroll of teleportation {unknown}
 h - a scroll of enchant armour {unknown}
 i - 2 scrolls of remove curse
Comestibles
 a - 4 meat rations
 l - a slice of pizza


   Skills:
 - Level 3.0 Fighting
 - Level 3.2 Dodging
 - Level 5.6 Stealth
 + Level 4.7 Unarmed Combat


You had 4 spell levels left.
You didn't know any spells.

Dungeon Overview and Level Annotations

Branches:
Dungeon (5/15)
 Temple: D:4-7

Altars:
Cheibriados
Sif Muna

Annotations:
D:3 tidbits's ghost, weakling FeCK


Innate Abilities, Weirdness & Mutations

You cannot wear armour.
You are incapable of wielding weapons or throwing items.
You have sharp claws.
You have razor-sharp teeth.
You have supernaturally acute eyesight.
You are carnivorous and can eat meat at any time.
You cover ground quickly.
You are covered in fur (AC +1).
You have a slow metabolism.
Your sharp claws are effective at attacking unaware monsters.


Message History

You see here 2 chunks of flesh.
Eat one of 2 chunks of flesh? (ye/n/q/i?) This raw flesh tastes great.
You continue eating. x2
Eat a chunk of flesh? (ye/n/q/i?) This raw flesh tastes great.
You continue eating. x2
An adder comes into view.
You see here a meat ration.
a - 4 meat rations (gained 1)
Found a stone staircase leading up.
You miss the adder. The adder closely misses you.
You scratch the adder but do no damage. The adder misses you.
You scratch the adder.
The adder is moderately wounded.
The adder bites you.
* * * LOW HITPOINT WARNING * * *
You miss the adder.
The adder is moderately wounded.
The adder closely misses you.
You scratch the adder but do no damage.
The adder is moderately wounded.
The adder closely misses you. The adder bites you.
* * * LOW HITPOINT WARNING * * *
You are poisoned.
The adder poisons you!
You claw the adder!
You kill the adder!
Cheibriados appreciates the change of pace.
You feel sick.
You see here an adder corpse.
You butcher the adder corpse.
You feel sick.
You see here a chunk of flesh.
Eat a chunk of flesh? (ye/n/q/i?) This raw flesh tastes great.
You continue eating.
You feel sick.
You continue eating.
Eat which item? (? for menu, Esc to quit)
Okay, then.
You feel sick.
You open the door.
You feel sick.
There is a stone staircase leading up here.
Drink which item? (? for menu, Esc to quit)
It was a potion of curing.
You feel better.
You climb upwards.
There is a stone staircase leading down here.
You climb downwards.
There is a stone staircase leading up here.
There is an open door here.
Found a stone staircase leading up.
Found a mace.
There is a stone staircase leading up here.
You climb upwards.
Found 11 gold pieces.
There is a stone staircase leading down here.
Tidbits's ghost (weakling Felid Chaos Knight) comes into view.
You see here 11 gold pieces.
You now have 116 gold pieces (gained 11).
There is a stone staircase leading down here.
You climb downwards.
There is a stone staircase leading up here.
Found a hand axe.
Found a slice of pizza.
You see here a slice of pizza.
l - a slice of pizza A giant cockroach comes into view.
The helpless giant cockroach fails to defend itself.
You mangle the giant cockroach!!
You kill the giant cockroach!
Cheibriados appreciates the change of pace.
You see here a giant cockroach corpse.
You butcher the giant cockroach corpse.
You see here a chunk of flesh.
Eat a chunk of flesh? (ye/n/q/i?) This raw flesh tastes great.
You continue eating. x2
An orc wizard comes into view. It is wielding a dagger.
The orc wizard gestures wildly while chanting.
The orc wizard flickers and vanishes for a moment.
An orc priest comes into view. It is wielding a falchion.
The orc wizard casts a spell at you.
You are confused.
You hear a shout!
You bump into the rock wall.
The orc priest shouts!
The orc wizard points at you and mumbles some strange words.
The magic dart hits you!
* * * LOW HITPOINT WARNING * * *
An orc comes into view. It is wielding a mace.
You bump into the rock wall.
The orc wizard gestures at you while chanting.
The magic dart hits you!
* * * LOW HITPOINT WARNING * * *
The orc priest calls down the wrath of Beogh upon you.
Something smites you!
Ouch! That really hurt!
You die...
Xom thinks this is hilarious!

.# # #.# .#.# #.#
.#.# #.# ...# #.#
##### .### #.#
#... # .#
#####.####.##.# .#
#.............# .#
####.###.####.#..#
## #.)......# #@#
# #........# #.#
####........# #.#
........###.# #o#
######### #.# #.#
..# ... ###


oo# o.# You could see an orc priest, an orc wizard (invisible) and 2 orcs.

Vanquished Creatures
  A hound (D:4)
  An orc priest (D:5)
  A worker ant (D:5)
  3 orc wizards
  2 adders (D:4)
  2 giant geckos (D:1)
  3 hobgoblins (D:1)
  2 jackals
  4 bats (D:1)
  4 giant cockroaches
  2 goblins (D:1)
  5 kobolds
  4 rats (D:1)
34 creatures vanquished.

Vanquished Creatures (others)
  2 fungi (D:5)
2 creatures vanquished.

Grand Total: 36 creatures vanquished

Notes
Turn   | Place    | Note
--------------------------------------------------------------
     0 | D:1      | tidbits the Felid Chaos Knight began the quest for the Orb.
     0 | D:1      | Reached XP level 1. HP: 10/10 MP: 2/2
    50 | D:1      | Reached skill level 1 in Stealth
   138 | D:1      | Reached skill level 2 in Stealth
   241 | D:1      | Reached XP level 2. HP: 8/14 MP: 3/3
   311 | D:1      | Reached skill level 3 in Stealth
   319 | D:1      | XOM: harmless Summ miscast
   361 | D:1      | HP: 1/14 [kobold/club (3)]
   467 | D:1      | XOM: enchant monster (good)
   676 | D:4      | XOM: vitrification
   701 | D:4      | XOM: vitrification
   703 | D:4      | Found a snail-covered altar of Cheibriados.
   712 | D:4      | Fell from the grace of Xom
   712 | D:4      | Became a worshipper of Cheibriados the Contemplative
   773 | D:5      | Entered Level 5 of the Dungeon
   780 | D:4      | Reached skill level 4 in Stealth
   780 | D:4      | Reached XP level 3. HP: 2/17 MP: 4/4
   835 | D:5      | Reached skill level 5 in Stealth
   835 | D:5      | Reached XP level 4. HP: 6/21 MP: 5/5
   893 | D:5      | Splashed by a jelly's acid
   894 | D:5      | Reached XP level 3. HP: 0/17 MP: 4/4
   900 | D:5      | Found a deep blue altar of Sif Muna.
   908 | D:5      | Reached XP level 4. HP: 21/21 MP: 5/5
   950 | D:4      | Reached skill level 4 in Unarmed Combat
   962 | D:5      | Reached XP level 5. HP: 19/24 MP: 6/6
   969 | D:5      | Noticed a scorpion
  1084 | D:3      | Noticed tidbits's ghost (weakling FeCK)
  1143 | D:4      | Killed from afar by an orc priest

Action                   |  1- 3 |  4- 6 || total
-------------------------+-------+-------++-------
Melee: Unarmed           |    66 |    24 ||    90
Evoke: Wand              |     7 |     4 ||    11
  Use: Scroll            |     5 |       ||     5
       Potion            |     1 |     1 ||     2
 Stab: Sleeping          |     2 |     1 ||     3
       Distracted        |     1 |       ||     1
  Eat: Chunk             |     1 |     8 ||     9

Table legend:
 A = Turns spent in this place as a percentage of turns spent in the entire game.
 B = Non-inter-level travel turns spent in this place as a percentage of non-inter-level travel turns spent in the entire game.
 C = Inter-level travel turns spent in this place as a percentage of turns spent in this place.
 D = Turns resting spent in this place as a percentage of non-inter-level travel turns spent in this place.
 E = Turns spent auto-exploring this place as a percentage of non-inter-level travel turns spent in this place.
 F = Non-inter-level travel turns spent in this place divided by the number of levels of this place that you've seen.
                   A       B       C       D       E      F
               +-------+-------+-------+-------+-------+----------------------
         Total | 100.0 | 100.0 |   0.0 |   0.0 |   0.0 | 217.4
       Dungeon | 100.0 | 100.0 |   0.0 |   0.0 |   0.0 | 217.4
               +-------+-------+-------+-------+-------+----------------------

Table legend:
 A = Kills in this place as a percentage of kills in entire the game.
 B = Kills by you in this place as a percentage of kills by you in the entire game.
 C = Kills by friends in this place as a percentage of kills by friends in the entire game.
 D = Other kills in this place as a percentage of other kills in the entire game.
 E = Experience gained in this place as a percentage of experience gained in the entire game.
 F = Experience gained in this place divided by the number of levels of this place that you have seen.
                   A       B       C       D       E      F
               +-------+-------+-------+-------+-------+----------------------
         Total | 100.0 | 100.0 |  -nan |  -nan | 100.0 |  57.2
       Dungeon | 100.0 | 100.0 |  -nan |  -nan | 100.0 |  57.2
               +-------+-------+-------+-------+-------+----------------------

Vault maps used:
D:1:      dpeg_arrival_signposts
D:2:      first_bread
D:3:      uniq_robin, uniq_natasha, uniq_grinder, uniq_jessica
D:4:      overflow_temple_1_default, minmay_temple_entry_overgrown,
          serial_shops, shop, uniq_duvessa
D:5:      lemuel_ice_spiral_2, lemuel_round_altar, led_sif_book, serial_shops,
          nicolae_shop_stone, serial_aquarium, aquarium_bridge_square,
          aquarium_bridge_square, aquarium_window_3, aquarium_window_fake,
          aquarium_window_fake, aquarium_window_fake, aquarium_view_2d,
          aquarium_view_2f, aquarium_pool_S, minmay_misc_feat_plants,
          kennysheep_generic_room_8, uniq_pikel, uniq_edmund
